 Dungeon Crawl Stone Soup version 0.31-a0-1540-g5a0b83f448 (webtiles) character file.

Game seed: 6756506700242760817

437 dialectric the Ruffian (level 6, 0/59 HPs)
             Began as a Troll Shapeshifter on Jan 2, 2024.
             Slain by Crazy Yiuf
             ... wielding a +3 quarterstaff of chaos
              (7 damage)
             ... on level 4 of the Dungeon.
             The game lasted 00:02:03 (1336 turns).

dialectric the Ruffian (Troll Shapeshifter)         Turns: 1336, Time: 00:02:03

Health: 0/59       AC:  4    Str: 25    XL:     6   Next: 69%
Magic:  5/5        EV: 10    Int:  6    God:
Gold:   217        SH:  0    Dex:  9    Spells: 5/5 levels left

rFire   . .          .
                       - Unarmed
rCold   . . .        (no shield)
rNeg    . . .        a - +0 animal skin
rPois   .            (helmet currently unavailable)
rElec   .            (cloak currently unavailable)
rCorr   .            (gloves unavailable)
SInv    +            (boots unavailable)
Will    .....        (no amulet)
Stlth   +            o - ring of see invisible
HPRegen 1.09/turn    (no ring)
MPRegen 0.09/turn

%: no passive effects
@: confused, lethally poisoned (0 -> -2), beast-form, ambrosia-drunk, attractive
A: beast (slay +2), large, unfitting armour, claws 3, regeneration 1, shaggy fur
1, tough skin 1
a: Begin Untransformation


You were on level 4 of the Dungeon.
You were a hulking beast.
You visited 1 branch of the dungeon, and saw 3 of its levels.

You collected 217 gold pieces.

Inventory:

Missiles
 i - 5 poisoned darts (quivered)
Armour
 a - a +0 animal skin (worn)
Jewellery
 o - a ring of see invisible (left claw)
Talismans
 c - a beast talisman
 d - a flux talisman
Scrolls
 e - 8 scrolls of identify {unknown}
 f - a scroll of vulnerability {unknown}
 j - 2 scrolls of fog {unknown}
 n - a scroll of teleportation {unknown}
Potions
 b - 2 potions of lignification
 g - a potion of ambrosia
 h - a potion of attraction
 k - a potion of mutation {unknown}
 l - a potion of might {unknown}
 m - 2 potions of brilliance {unknown}


   Skills:
 + Level 2.8 Fighting
 * Level 3.3 Dodging
 + Level 4.5 Unarmed Combat
 + Level 4.3 Shapeshifting


You had 5 spell levels left.
You didn't know any spells.
Your spell library contained the following spells:

 Spells                   Type           Power      Damage    Failure   Level
 Frozen Ramparts          Ice            0%         1d1       83%         3
 Leda's Liquefaction      Alch/Erth      0%         N/A       99%         4
 Petrify                  Alch/Erth      0%         N/A       99%         4
 Metabolic Englaciation   Hex/Ice        0%         N/A       100%        5


Dungeon Overview and Level Annotations

Branches:
Dungeon (4/15)
 Temple: D:4-7

Altars:
Xom

Shops:
D:2 [

Annotations:
D:4 Crazy Yiuf


Innate Abilities, Weirdness & Mutations

You are a hulking beast.
Your limbs bulge with bestial killing power. (Slay +2)
You are too large for most types of armour.
You have claws for hands.
Your natural rate of healing is unusually fast.
You are covered in fur. (AC +1)
You have tough skin. (AC +1)


Message History

You are confused.
You barely miss Crazy Yiuf.
Crazy Yiuf is heavily wounded.
Crazy Yiuf hits you with a +3 quarterstaff of chaos.
Crazy Yiuf burns you.
You're too confused to move!
Crazy Yiuf barely misses you.
You closely miss Crazy Yiuf.
Crazy Yiuf is heavily wounded.
Crazy Yiuf whimpers, "Goldfish tortoise turtle!"
Crazy Yiuf hits you with a +3 quarterstaff of chaos!
Crazy Yiuf draws strength from your wounds!
You miss Crazy Yiuf.
Crazy Yiuf hits you with a +3 quarterstaff of chaos.
Crazy Yiuf freezes you.
You closely miss Crazy Yiuf.
Crazy Yiuf hits you with a +3 quarterstaff of chaos!
You bump into the rock wall.
You feel less confused. Crazy Yiuf barely misses you.
You barely miss Crazy Yiuf.
Crazy Yiuf hits you with a +3 quarterstaff of chaos!
You are poisoned.
You claw Crazy Yiuf!
Crazy Yiuf is severely wounded.
You feel very sick.
Crazy Yiuf hits you with a +3 quarterstaff of chaos!
* * * LOW HITPOINT WARNING * * *
Crazy Yiuf freezes you.
* * * LOW HITPOINT WARNING * * *
It was a potion of ambrosia.
You are confused.
You feel invigorated.
* * * LOW HITPOINT WARNING * * *
You feel very sick. Crazy Yiuf barely misses you.
It was a potion of attraction.
You feel attractive to monsters.
You feel very sick.
Crazy Yiuf hits you with a +3 quarterstaff of chaos!
You die...

.........#
###################
.........#
.........#
........## ........#
###...### #...######
### #...#.'.P##
###..)#
#.........####hg...#
#.......P..#..##...#
#.....+.P.#.### ###
#...######### #...#
#####


You could see Crazy Yiuf.

Vanquished Creatures
  Menkaure (D:4)
  An ogre (D:4)
  3 hounds (D:4)
  Terence (D:2)
  An iguana (D:4)
  Robin (D:4)
  An adder (D:4)
  A dart slug (D:1)
  A ribbon worm (D:2)
  An orc (D:4)
  4 ball pythons
  5 endoplasms
  3 giant cockroaches
  13 hobgoblins
  3 jackals (D:4)
  7 quokkas
  4 bats
  A frilled lizard (D:1)
  8 goblins
  3 rats (D:1)
  A butterfly (D:1)
64 creatures vanquished.

Notes
Turn   | Place    | Note
-------+----------+-------------------------------------------
     0 | D:1      | dialectric the Troll Shapeshifter began the quest for the
                  | Orb.
     0 | D:1      | Reached XP level 1. HP: 18/18 MP: 0/0
    65 | D:1      | Reached skill level 1 in Fighting
    92 | D:1      | Reached XP level 2. HP: 25/27 MP: 1/1
   633 | D:2      | Found Daudep's Armour Shop.
   654 | D:2      | Reached XP level 3. HP: 31/33 MP: 2/2
   724 | D:2      | Noticed Terence
   736 | D:2      | Killed Terence
   804 | D:2      | Found a shimmering altar of Xom.
   805 | D:2      | You fall into a shaft and drop 2 floors!
   837 | D:4      | Reached XP level 4. HP: 41/41 MP: 3/3
   857 | D:4      | Identified the +0 helmet of Ennui {rC+ Stlth+}
   857 | D:4      | Noticed Robin
   881 | D:4      | Killed Robin
   941 | D:4      | Noticed Menkaure
   951 | D:4      | Killed Menkaure
   952 | D:4      | Reached XP level 5. HP: 31/50 MP: 4/4
   955 | D:4      | Reached XP level 6. HP: 30/59 MP: 5/5
  1321 | D:4      | Found a runed translucent door.
  1322 | D:4      | Noticed Crazy Yiuf
  1336 | D:4      | Slain by Crazy Yiuf

Illustrated notes

Levels and vault maps discovered:
D:1:      spicycebolla_arrival_clurvy, layout_basic, minmay_ruptured
D:2:      wad_woods_tower, layout_basic, basic_altar, serial_shops,
          nicolae_shop_pleasant_corner_grove, uniq_terence
D:4:      kennysheep_spiral_hall, layout_basic, uniq_crazy_yiuf_cottage,
          uniq_menkaure, uniq_robin

Skill      XL: |  1  2  3  4  5  6 |
---------------+-------------------+-----
Fighting       | 1 2 |  2.8
Dodging        | 2 3 |  3.3
Unarmed Combat | 4 |  4.5
Shapeshifting  | 4 |  4.3

Action                     |  1- 3 |  4- 6 || total
---------------------------+-------+-------++-------
  Melee: Unarmed           |    81 |    81 ||   162
         Punch             |     2 |     1 ||     3
    Use: Potion            |       |     2 ||     2
 Armour: Animal skin       |    42 |    54 ||    96
  Dodge: Dodged            |    36 |    37 ||    73

Table legend: (Time is in decaauts)
 A = Elapsed time spent in this place.
 B = Non-inter-level travel time spent in this place.
 C = Inter-level travel time spent in this place.
 D = Time resting spent in this place.
 E = Time spent auto-exploring this place.
 F = Levels seen in this place.
 G = Mean time per level.
                   A        B        C        D        E       F      G
               +--------+--------+--------+--------+--------+-----+--------+
         Total |   1323 |   1298 |     25 |      0 |    935 |   3 |  441.0 |
       Dungeon |   1323 |   1298 |     25 |      0 |    935 |   3 |  441.0 |
               +--------+--------+--------+--------+--------+-----+--------+

Top non-repeatable levels by time:
     D:1: 630 daAuts
     D:4: 523 daAuts
     D:2: 169 daAuts
